 Dungeon Crawl Stone Soup version 0.32-a0-995-gb4a59205af (webtiles) character file.

Game seed: 2282857648551967846

100 senseless the Trooper (level 4, -2/37 HPs)
             Began as a Coglin Fighter on Apr 22, 2024.
             Was a Believer of Trog.
             Slain by Pikel
             ... wielding a +0 whip of flaming
              (3 damage)
             ... on level 4 of the Dungeon.
             The game lasted 00:03:41 (2585 turns).

senseless the Trooper (Coglin Fighter)              Turns: 2585, Time: 00:03:41

Health: -2/37      AC:  8    Str: 19    XL:     4   Next: 74%
Magic:  4/4        EV:  8    Int:  7    God:    Trog [**....]
Gold:   128        SH:  4    Dex: 13    Spells: 3/3 levels left

rFire   . . .        a - +0 war axe {Imanvir}
rCold   . . .        c - +0 buckler
rNeg    . . .        b - +0 scale mail
rPois   .            (no helmet)
rElec   .            (no cloak)
rCorr   .            (no gloves)
SInv    .            l - +0 pair of boots
Will    .....        (amulet unavailable) Stlth
                     (ring unavailable)
HPRegen 0.26/turn    (ring unavailable)
MPRegen 0.09/turn    (no gizmo)

%: no passive effects
@: mighty, on berserk cooldown, slowed, revved, very slow
A: off-hand wielding, slow wielding, warmup strikes, no jewellery
a: Invent Gizmo, Renounce Religion, Berserk, Trog's Hand


You were on level 4 of the Dungeon.
You worshipped Trog.
Trog was pleased with you.
You visited 1 branch of the dungeon, and saw 4 of its levels.

You collected 128 gold pieces.

Inventory:

Hand Weapons
 a - a +0 war axe (weapon) {Imanvir}
Missiles
 j - 7 poisoned darts
 m - 5 silver javelins
 u - 4 boomerangs
Armour
 b - a +0 scale mail (worn)
 c - a +0 buckler (worn)
 l - a +0 pair of boots (worn)
Scrolls
 e - 6 scrolls of identify {unknown}
 f - a scroll of blinking {unknown}
 g - a scroll of teleportation {unknown}
 h - a scroll of noise {unknown}
 k - a scroll of poison {unknown}
 q - a scroll of enchant armour {unknown}
 s - a scroll of amnesia {unknown}
Potions
 i - a potion of resistance {unknown}
 n - 3 potions of curing {unknown}
 o - a potion of enlightenment {unknown}
 p - a potion of cancellation {unknown}
 r - 2 potions of invisibility {unknown}
 t - a potion of degeneration {unknown}


   Skills:
 + Level 4.0 Fighting
 + Level 3.1 Axes
 + Level 0.0 Throwing
 + Level 3.5 Armour
 - Level 2.1 Shields


You had 3 spell levels left.
You didn't know any spells.
Your spell library contained the following spells:

 Spells                   Type           Power      Damage    Failure   Level
 Cigotuvi's Dreadful Rot  Necr/Alch/Air  0%         N/A       95%         2
 Jinxbite                 Hex            0%         N/A       95%         2
 Lesser Beckoning         Tloc           0%         N/A       95%         2
 Dazzling Flash           Conj/Hex       0%         N/A       99%         3
 Hailstorm                Conj/Ice       0%         3d5       99%         3
 Maxwell's Portable Pile  Tloc           0%         2d(5-13)  99%         3
 Mephitic Cloud           Conj/Alch/Air  0%         N/A       99%         3
 Summon Ice Beast         Ice/Summ       0%         N/A       99%         3
 Teleport Other           Tloc           0%         N/A       99%         3
 Ignite Poison            Fire/Alch      0%         N/A       100%        4
 Freezing Cloud           Conj/Ice/Air   0%         6-21      100%        5
 Silence                  Hex/Air        0%         N/A       100%        5
 Yara's Violent Unravell  Hex/Alch       0%         3d3       100%        5
 Permafrost Eruption      Ice/Erth       0%         2x4d1     100%        6
 Sculpt Simulacrum        Ice/Alch       0%         N/A       100%        6
 Enfeeble                 Hex            0%         N/A       100%        7


Dungeon Overview and Level Annotations

Branches:
Dungeon (4/15)
 Temple: D:4-7

Altars:
Sif Muna
Trog

Annotations:
D:4 Pikel


Innate Abilities, Weirdness & Mutations

You can wield a second weapon in your off-hand.
It takes a long time for you to wield or remove held weapons.
Your first few attacks do less damage.
You cannot equip rings or amulets.


Message History

You are too injured to fight recklessly!
You are too injured to fight recklessly!
You are too injured to fight recklessly!
You are too injured to fight recklessly!
You are too injured to fight recklessly!
You are too injured to fight recklessly!
You are too injured to fight recklessly!
You are too injured to fight recklessly!
You are too injured to fight recklessly!
You are too injured to fight recklessly!
You are too injured to fight recklessly!
You are too injured to fight recklessly!
You are too injured to fight recklessly!
You are too injured to fight recklessly!
You are too injured to fight recklessly!
You are too injured to fight recklessly!
You are too injured to fight recklessly!
You are too injured to fight recklessly!
You are too injured to fight recklessly!
You feel very mighty all of a sudden. You block Pikel's attack.
You block the lemure's attack.
You hit Pikel but do no damage.
Pikel is severely wounded.
You slash the jelly!
Your graspers burn!
* * * LOW HITPOINT WARNING * * *
You hit the lemure. The jelly barely misses you. The lemure closely misses you.
Pikel hits you but does no damage. The jelly barely misses you.
The lemure barely misses you. Pikel completely misses you.
You hit Pikel.
Pikel is severely wounded.
You hit the jelly.
You kill the jelly!
Trog accepts your kill.
You hit the lemure. The lemure hits you.
* * * LOW HITPOINT WARNING * * *
Pikel hits you but does no damage. The lemure hits you.
* * * LOW HITPOINT WARNING * * *
Pikel hits you with a +0 whip of flaming.
You die...
Pikel says, "See you in Hell!"

#..#...#.#
#......#.#
#......#.#### #
#....#......# ..
#....#......#.##
##...............
....#.5......##
..<..sK@><....#
.....s##.####.#
..... #.... ....
#...... .#.
#........ #
#........
#........
#........


You could see Pikel, a lemure and 2 scorpions.

Vanquished Creatures
  3 lemures (D:4)
  A jelly (D:4)
  3 adders
  6 orcs
  5 ball pythons
  6 endoplasms
  A giant cockroach (D:1)
  5 goblins
  5 hobgoblins
  9 jackals (D:2)
  4 kobolds
  3 quokkas (D:1)
  7 bats
  3 frilled lizards
  2 rats
63 creatures vanquished.

Notes
Turn   | Place    | Note
-------+----------+-------------------------------------------
     0 | D:1      | senseless the Coglin Fighter began the quest for the Orb.
     0 | D:1      | Reached XP level 1. HP: 18/18 MP: 1/1
    27 | D:1      | Reached XP level 2. HP: 13/24 MP: 2/2
   253 | D:1      | Found a faded altar of an unknown god.
   262 | D:1      | Prayed at the altar of an unknown god.
   262 | D:1      | Became a worshipper of Trog the Wrathful
   262 | D:1      | Reached * piety under Trog
   551 | D:1      | Reached XP level 3. HP: 29/29 MP: 3/3
  1144 | D:2      | Reached ** piety under Trog
  1161 | D:2      | Reached XP level 4. HP: 37/37 MP: 4/4
  2234 | D:3      | Reached skill level 4 in Fighting
  2443 | D:3      | Found a shimmering blue altar of Sif Muna.
  2563 | D:4      | Noticed a lemure
  2563 | D:4      | Noticed a lemure
  2564 | D:4      | Noticed Pikel
  2565 | D:4      | Noticed a scorpion
  2565 | D:4      | Noticed a lemure
  2566 | D:4      | Noticed a lemure
  2570 | D:4      | Killed a lemure
  2572 | D:4      | Killed a lemure
  2573 | D:4      | Noticed a scorpion
  2577 | D:4      | Killed a lemure
  2585 | D:4      | HP: 1/37 [lemure[Pikel] (3)]
  2585 | D:4      | Slain by Pikel

Illustrated notes

Levels and vault maps discovered:
D:1:      scummos_arrival_checkerplants, layout_loops_ring,
          basic_ecumenical_altar, kennysheep_decorative_pillar,
          amcnicky_mini_corridor_feature, minmay_surrounded
D:2:      layout_basic
D:3:      layout_basic, lemuel_round_altar
D:4:      layout_basic, nicolae_ashenzari_skybound, uniq_pikel

Skill      XL: |  1  2  3  4 |
---------------+-------------+-----
Armour         | 3 |  3.5
Axes           | 3 |  3.1
Fighting       | 4 |  4.0
Shields        | |  2.1

Action                     |  1- 3 |  4- 6 || total
---------------------------+-------+-------++-------
  Melee: War axe           |   127 |    95 ||   222
 Invoke: Berserk           |       |     1 ||     1
    Use: Potion            |       |     1 ||     1
 Armour: Scale mail        |   110 |    76 ||   186
  Dodge: Dodged            |    68 |    67 ||   135
  Block: Buckler           |    34 |    24 ||    58

Table legend: (Time is in decaauts)
 A = Elapsed time spent in this place.
 B = Non-inter-level travel time spent in this place.
 C = Inter-level travel time spent in this place.
 D = Time resting spent in this place.
 E = Time spent auto-exploring this place.
 F = Levels seen in this place.
 G = Mean time per level.
                   A        B        C        D        E       F      G
               +--------+--------+--------+--------+--------+-----+--------+
         Total |   2667 |   2487 |    180 |      0 |   1979 |   4 |  666.8 |
       Dungeon |   2667 |   2487 |    180 |      0 |   1979 |   4 |  666.8 |
               +--------+--------+--------+--------+--------+-----+--------+

Top non-repeatable levels by time:
     D:3: 945 daAuts
     D:2: 932 daAuts
     D:1: 765 daAuts
     D:4: 24 daAuts
